 Dungeon Crawl Stone Soup version 0.32-a0-960-g3814254bd7 (webtiles) character file.

Game seed: 16411585944110433065

625 trashops the Chopper (level 7, -7/60 HPs)
             Began as a Mountain Dwarf Fighter on Apr 17, 2024.
             Was an Initiate of Okawaru.
             Mangled by a hornet (9 damage)
             ... on level 5 of the Dungeon.
             The game lasted 00:06:56 (3420 turns).

trashops the Chopper (Mountain Dwarf Fighter)       Turns: 3420, Time: 00:06:57

Health: -7/60      AC: 14    Str: 21    XL:     7   Next: 23%
Magic:  7/7        EV:  8    Int:  8    God:    Okawaru [......]
Gold:   186        SH:  4    Dex: 12    Spells: 6/6 levels left

rFire   . . .        a - +0 war axe
rCold   . . .        c - +0 buckler
rNeg    . . .        b - +0 scale mail
rPois   +            i - +4 hat of Tischaogh {rPois Dex+3 SInv}
rElec   .            d - +0 cloak
rCorr   .            (no gloves)
SInv    +            e - +1 pair of boots
Will    .....        (no amulet) Stlth
                     (no ring)
HPRegen 0.30/turn    (no ring)
MPRegen 0.10/turn

%: no passive effects
@: lethally poisoned (-7 -> -9)
A: runic magic, artefact enchanting
a: Renounce Religion


You were on level 5 of the Dungeon.
You worshipped Okawaru.
Okawaru was noncommittal.
You visited 2 branches of the dungeon, and saw 6 of its levels.

You collected 186 gold pieces.

Inventory:

Hand Weapons
 a - a +0 war axe (weapon)
 f - a +0 dagger of chaos
 s - a +7 vampiric dagger
Missiles
 m - 2 throwing nets (quivered)
Armour
 b - a +0 scale mail (worn)
 c - a +0 buckler (worn)
 d - a +0 cloak (worn)
 e - a +1 pair of boots (worn)
 i - the +4 hat of Tischaogh (worn) {rPois Dex+3 SInv}
   (You found it on level 4 of the Dungeon)

   Dex+3:     It affects your dexterity (+3).
   rPois:     It protects you from poison.
   SInv:      It lets you see invisible.
 j - a +2 hat
Jewellery
 o - a ring of protection from fire
Wands
 r - a wand of flame (21)
Scrolls
 k - a scroll of silence
 n - 2 scrolls of vulnerability
 p - a scroll of identify
Potions
 g - a potion of resistance {unknown}
 h - a potion of cancellation {unknown}
 l - a potion of ambrosia {unknown}
 q - a potion of curing


   Skills:
 * Level 4.8 Fighting
 * Level 6.8 Axes
 * Level 5.4 Armour
 - Level 0.5 Dodging
 - Level 0.2 Stealth
 + Level 4.0 Shields


You had 6 spell levels left.
You didn't know any spells.
Your spell library contained the following spells:

 Spells                   Type           Power      Damage    Failure   Level
 Scorch                   Fire           0%         2d5       71%         2
 Flame Wave               Conj/Fire      0%         2d4       100%        4
 Chain Lightning          Conj/Air       0%         N/A       100%        9
 Fire Storm               Conj/Fire      0%         5d1       100%        9
 Shatter                  Erth           0%         3d5*      100%        9
 Summon Cactus Giant      Summ           Unusable   N/A       N/A         6

Dungeon Overview and Level Annotations

Branches:
Dungeon (5/15)             Temple (1/1) D:4

Altars:
Ashenzari
Elyvilon
Fedhas
Gozag
Hepliaklqana
Kikubaaqudgha
Makhleb
Nemelex Xobeh
Okawaru
Ru
Sif Muna
Trog
Uskayaw
Vehumet
Wu Jian
Xom
Yredelemnul
Zin

Annotations:
Temple 2 transporters


Innate Abilities, Weirdness & Mutations

Your spellcasting is much less encumbered by armour.
You can use scrolls of enchantment on lesser artefacts.


Message History

The iguana closely misses you.
You barely miss the iguana. The iguana bites you!
You hit the iguana.
The iguana is moderately wounded.
The iguana bites you!
You completely miss the iguana.
The iguana is moderately wounded.
The iguana barely misses you.
You slash the iguana!
The iguana is severely wounded.
The iguana bites you. The iguana barely misses you.
You hit the iguana.
You kill the iguana!
Okawaru accepts your kill.
You start resting.
A hornet comes into view.
The hornet stings you but does no damage. x2
The hornet stings you.
You are poisoned.
You feel yourself slow down.
You feel very sick. The hornet stings you.
You feel as though you will be slow longer.
The hornet stings you!
Unknown command.
You feel very sick. The hornet attacks as it pursues you!
The hornet barely misses you.
The hornet stings you but does no damage.
There is a stone staircase leading up here.
You can't go down here!
You feel sick. The hornet stings you!
* * * LOW HITPOINT WARNING * * *
You suddenly lose the ability to move!
You stop ascending the stairs.
The hornet stings you but does no damage. x2
You can move again.
You feel yourself speed up.
You feel sick. The hornet stings you.
* * * LOW HITPOINT WARNING * * *
The hornet stings you!
You die...

### #.. #.# # #
#.# .#
.##.####.##.#
.......@y...####
#.###.##....$...
#....#######
#.##.# .. #.# #.
#.# # ..# ####


You could see a hornet.

Vanquished Creatures
  An ogre (D:4)
  A scorpion (D:4)
  A bombardier beetle (D:3)
  A crimson imp (D:3)
  2 hounds (D:4)
  3 sleepcaps (D:4)
  Crazy Yiuf (D:4)
  An iguana (D:5)
  Ijyb (D:4)
  2 orc wizards (D:4)
  4 gnolls (D:4)
  2 adders
  A dart slug (D:4)
  2 ribbon worms
  8 orcs
  7 bats
  11 endoplasms
  4 giant cockroaches
  8 goblins
  6 hobgoblins
  A jackal (D:2)
  10 kobolds
  3 quokkas
  6 ball pythons
  2 frilled lizards
  4 rats
93 creatures vanquished.

Notes
Turn   | Place    | Note
-------+----------+-------------------------------------------
     0 | D:1      | trashops the Mountain Dwarf Fighter began the quest for the
                  | Orb.
     0 | D:1      | Reached XP level 1. HP: 19/19 MP: 1/1
   264 | D:1      | Reached XP level 2. HP: 26/26 MP: 2/2
   539 | D:1      | Reached skill level 3 in Axes
   602 | D:2      | Reached XP level 3. HP: 31/31 MP: 3/3
   657 | D:2      | Found a faded altar of an unknown god.
  1176 | D:3      | Found a sparkling altar of Nemelex Xobeh.
  1178 | D:3      | Found a blossoming altar of Fedhas.
  1313 | D:3      | Found a shimmering altar of Xom.
  1313 | D:3      | Found a burning altar of Makhleb.
  1349 | D:3      | Reached skill level 4 in Axes
  1349 | D:3      | Reached XP level 4. HP: 26/39 MP: 4/4
  1670 | D:3      | Found a hide-covered altar of Uskayaw.
  1711 | D:3      | Reached XP level 5. HP: 42/46 MP: 5/5
  2144 | D:4      | Found a staircase to the Ecumenical Temple.
  2196 | D:4      | Reached skill level 5 in Axes
  2271 | D:4      | Reached XP level 6. HP: 45/52 MP: 6/6
  2418 | D:4      | Identified the +4 hat of Tischaogh {rPois Dex+3 SInv}
  2454 | D:4      | Reached skill level 6 in Axes
  2462 | D:4      | Reached skill level 5 in Armour
  2678 | D:4      | Noticed Ijyb
  2696 | D:4      | Killed Ijyb
  2783 | D:4      | Found a runed translucent door.
  2784 | D:4      | Noticed Crazy Yiuf
  2793 | D:4      | Killed Crazy Yiuf
  2794 | D:4      | Reached XP level 7. HP: 60/60 MP: 7/7
  3341 | Temple   | Found a transporter.
  3341 | Temple   | Found a transporter.
  3341 | Temple   | Found a transporter.
  3341 | Temple   | Found a transporter.
  3341 | Temple   | Entered the Ecumenical Temple
  3362 | Temple   | Became a worshipper of Warmaster Okawaru
  3397 | D:5      | Entered Level 5 of the Dungeon
  3412 | D:5      | Noticed a hornet
  3419 | D:5      | Paralysed by a hornet for 1 turns
  3420 | D:5      | HP: 2/60 [hornet (3)]
  3420 | D:5      | Mangled by a hornet

Illustrated notes

Levels and vault maps discovered:
D:1:      heliophobic_arrival_henge, layout_basic, minmay_hexomino_c4
D:2:      minmay_diamond_boxcup, layout_loops_ring, basic_ecumenical_altar
D:3:      layout_basic, grunt_temple_overflow_champion_of_chaos,
          nicolae_uskayaw_suspiria, nicolae_overflow_hidden_temple
D:4:      layout_loops_corners, temple_pool_b, serial_bayou,
          serial_bayou_ford_a, serial_bayou_pond_b, serial_bayou_shore_a,
          serial_bayou_lagoon_a, hellmonk_no_cap, uniq_crazy_yiuf_cottage,
          uniq_ijyb
D:5:      layout_loops_ring, gammafunk_ghost_abyssal_escape, uniq_blork_the_orc
Temple:   hellmonk_temple_divided_pantheon

Skill      XL: |  1  2  3  4  5  6 |
---------------+-------------------+-----
Axes           | 3 4 5 6 |  6.8
Armour         | 4 5 |  5.4
Fighting       | 4 |  4.8
Shields        | 4 |  4.0
Dodging        | |  0.5
Stealth        | |  0.2

Action                     |  1- 3 |  4- 6 |  7- 9 || total
---------------------------+-------+-------+-------++-------
  Melee: War axe           |   138 |   122 |    37 ||   297
    Use: Potion            |     8 |     2 |       ||    10
         Scroll            |     2 |     2 |       ||     4
 Armour: Scale mail        |   102 |   100 |    38 ||   240
         Skin              |     5 |       |       ||     5
  Dodge: Dodged            |    59 |    37 |    21 ||   117
  Block: Buckler           |    36 |    24 |     8 ||    68

Table legend: (Time is in decaauts)
 A = Elapsed time spent in this place.
 B = Non-inter-level travel time spent in this place.
 C = Inter-level travel time spent in this place.
 D = Time resting spent in this place.
 E = Time spent auto-exploring this place.
 F = Levels seen in this place.
 G = Mean time per level.
                   A        B        C        D        E       F      G
               +--------+--------+--------+--------+--------+-----+--------+
         Total |   3601 |   3528 |     73 |    373 |   2280 |   6 |  600.2 |
       Dungeon |   3566 |   3493 |     73 |    373 |   2280 |   5 |  713.2 |
        Temple |     34 |     34 |      0 |      0 |      0 |   1 |   34.0 |
               +--------+--------+--------+--------+--------+-----+--------+

Top non-repeatable levels by time:
     D:4: 1366 daAuts
     D:3: 953 daAuts
     D:1: 611 daAuts
     D:2: 609 daAuts
  Temple: 34 daAuts
     D:5: 25 daAuts
